Map: [ESL] Royal Blood

Players

Nice - Winner!

  • Race: Protoss Protoss
  • Spawn Location: 7:00

Oriana

  • Race: Terran Terran
  • League: Grandmaster
  • Spawn Location: 1:00

Event: ESL SC2 Masters 2023 Summer (Regionals)

VOD

Have the link to the VOD?

Description

Time

  • Played on: May 4, 2023, 8:27 a.m.
  • Length: 7:31

All games in this series

Show
View Real Time Build Order
Export as new Build Order

Nice Protoss - Winner!

Build Orders: 1 Gate Expand, Blink Stalkers 

Get SALT Encoding   

  12  0:00  Probe  
  13  0:12  Probe  
  14  0:18  Pylon  
  14  0:24  Probe (Chrono Boost)  
  15  0:38  Probe (Chrono Boost)  
  15  0:39  Gateway  
  16  0:43  Probe (Chrono Boost)  
  16  0:48  Assimilator  
  17  0:53  Probe  
  18  1:05  Probe  
  19  1:17  Probe  
  20  1:27  Cybernetics Core  
  20  1:35  Nexus  
  20  1:48  Pylon  
  20  1:50  Probe, Assimilator  
  21  2:02  Probe  
  21  2:04  Adept (Chrono Boost), Warp Gate  
  24  2:14  Probe  
  25  2:24  Adept (Chrono Boost)  
  25  2:26  Probe  
  28  2:30  Twilight Council  
  28  2:38  Probe  
  29  2:47  Stalker  
  29  2:50  Probe x2  
  33  3:02  Probe x2  
  35  3:05  Blink (Chrono Boost)  
  35  3:14  Probe x2  
  37  3:26  Probe  
  37  3:27  Probe  
  39  3:29  Robotics Facility  
  39  3:36  Gateway  
  39  3:38  Probe, Gateway  
  39  3:39  Probe  
  41  3:44  Gateway  
  41  3:50  Probe  
  41  3:53  Pylon, Stalker  
  41  3:55  Probe  
  46  4:02  Probe  
  46  4:04  Pylon  
  46  4:08  Pylon  
  46  4:11  Probe, Assimilator  
  46  4:15  Probe  
  49  4:17  Observer (Chrono Boost)  
  49  4:20  Stalker  
  51  4:30  Warp Prism (Chrono Boost)  
  49  4:38  Stalker x3  
  51  4:41  Probe x2  
  51  4:45  Stalker  
  59  4:49  Pylon  
  59  4:50  Observer  
  59  5:01  Stalker x2  
  59  5:02  Stalker  
  65  5:09  Stalker  
  67  5:17  Pylon  
  67  5:25  Stalker x2  
  67  5:26  Stalker  
  73  5:40  Observer  
  73  5:41  Stalker  
  71  5:43  Probe  
  71  5:44  Probe, Nexus  
  73  5:56  Stalker x3  
  79  5:57  Probe  
  79  5:58  Probe  
  79  6:18  Stalker  
  77  6:19  Stalker x3  
  77  6:20  Probe x2  
  85  6:32  Probe  
  80  6:41  Stalker  
  80  6:42  Stalker x2  
  80  6:45  Pylon  
  80  6:47  Pylon x2  
  86  6:50  Probe  
  86  6:52  Probe  
  77  7:04  Stalker  
  77  7:05  Probe x3  
  77  7:08  Stalker x2  
  86  7:17  Probe  
Show
View Real Time Build Order
Export as new Build Order

Oriana Terran 

Build Orders:  

Get SALT Encoding   

  12  0:00  SCV  
  13  0:12  SCV  
  14  0:17  Supply Depot  
  14  0:24  SCV  
  15  0:38  SCV  
  15  0:40  Barracks  
  16  0:45  Refinery  
  16  0:50  SCV  
  17  1:03  SCV  
  18  1:15  SCV  
  19  1:30  Orbital Command, Marine  
  20  1:46  Command Center  
  20  1:52  Barracks Reactor  
  20  1:56  Supply Depot  
  20  1:59  SCV  
  21  2:11  SCV  
  21  2:15  Factory  
  22  2:21  Bunker  
  22  2:23  SCV  
  22  2:28  Marine  
  22  2:29  Marine  
  25  2:31  Refinery  
  25  2:36  SCV  
  26  2:47  Marine  
  26  2:48  Marine, SCV  
  28  3:00  Orbital Command, Widow Mine  
  28  3:03  SCV  
  31  3:12  Marine x2  
  31  3:17  SCV, Starport  
  33  3:24  Factory Tech Lab  
  33  3:25  SCV  
  34  3:32  SCV  
  34  3:33  Marine x2  
  37  3:38  SCV  
  38  3:43  Cyclone  
  38  3:45  Supply Depot  
  38  3:46  SCV  
  42  3:51  SCV  
  43  3:56  Starport Tech Lab  
  43  4:01  Marine x2  
  45  4:05  SCV  
  45  4:06  SCV  
  47  4:10  Supply Depot  
  47  4:16  Raven  
  49  4:18  SCV x2  
  49  4:20  Barracks  
  51  4:30  SCV x2  
  53  4:36  Marine x2  
  53  4:38  Siege Tank  
  57  4:40  Supply Depot  
  57  4:41  Barracks  
  57  4:42  SCV  
  57  4:44  SCV  
  59  4:50  Refinery  
  59  4:51  Engineering Bay  
  59  4:54  SCV  
  59  4:56  SCV  
  59  4:59  Marine  
  62  5:02  Marine  
  62  5:03  Supply Depot  
  62  5:05  Supply Depot  
  63  5:07  SCV  
  63  5:08  SCV  
  65  5:15  Marine  
  65  5:18  Terran Infantry Weapons Level 1  
  66  5:21  SCV x2  
  66  5:22  Marine x2  
  66  5:24  Starport Reactor  
  70  5:30  Refinery  
  70  5:31  Supply Depot  
  70  5:38  Barracks Tech Lab  
  70  5:42  Marine x2, SCV x2  
  72  5:49  Marine  
  73  5:51  Stimpack  
  68  6:05  SCV x2  
  68  6:06  Marine x3  
  68  6:07  Factory Tech Lab  
  70  6:17  SCV x2  
  70  6:20  Marauder, Supply Depot  
  70  6:29  Marine x2, SCV x2  
  70  6:30  Siege Tank, Barracks Tech Lab  
  60  6:41  SCV x2, Supply Depot  
  60  6:43  Marauder  
  62  6:53  SCV x2  
  59  6:54  Marine x2  
  59  6:55  Marauder  
  59  7:01  Medivac x2  
  53  7:05  SCV  
  53  7:06  Supply Depot  
  55  7:09  Marauder  
  55  7:13  Marine  
  53  7:17  SCV  
Tags
 
Add a new tag
Caveats
  • Supply blocks, unpowered buildings, or Contaminate may cause inaccurate times.
  • Supply counts are checked every 10 seconds.